Map: Dusk Towers

Players

LilDicky - Winner!

  • Race: Terran Terran
  • League: Diamond

Leyak

  • Race: Zerg Zerg
  • League: Platinum

VOD

http://www.twitch.tv/tumescentpie

Description

Time

  • Played on: Jan. 5, 2016, 8:59 p.m.
  • Length: 14:42
Show
View Real Time Build Order
Export as new Build Order

LilDicky Terran - Winner!

Build Orders: Command Center First (CC), Liberator Opening, Mech 

Get SALT Encoding   

  12  0:01  SCV  
  13  0:14  SCV  
  14  0:18  Supply Depot  
  14  0:26  SCV  
  15  0:39  SCV  
  16  0:52  SCV  
  17  1:03  Command Center  
  17  1:05  SCV  
  18  1:17  SCV  
  19  1:27  Barracks  
  19  1:29  SCV  
  20  1:34  Refinery  
  20  1:36  Refinery  
  20  1:43  SCV  
  21  1:55  SCV  
  22  2:08  SCV  
  23  2:16  Marine  
  23  2:18  Supply Depot, Orbital Command  
  24  2:25  Orbital Command  
  24  2:30  Factory  
  24  2:40  Barracks Reactor  
  24  2:56  SCV  
  25  3:01  SCV  
  25  3:03  Refinery  
  26  3:08  SCV  
  26  3:10  Refinery  
  27  3:13  SCV  
  27  3:16  Marine  
  27  3:18  Marine  
  30  3:22  Armory  
  30  3:24  Factory Tech Lab  
  30  3:25  Starport  
  30  3:34  Marine  
  30  3:35  SCV  
  30  3:36  SCV, Marine  
  34  3:47  SCV  
  38  3:50  SCV  
  39  3:59  SCV, Liberator  
  37  4:11  Thor  
  37  4:13  Supply Depot  
  37  4:15  Medivac  
  48  4:17  SCV  
  48  4:18  SCV  
  50  4:24  Marine  
  50  4:29  SCV  
  50  4:30  SCV  
  52  4:32  Supply Depot  
  52  4:42  SCV, Liberator, Marine  
  54  4:48  Medivac  
  56  4:54  Siege Tank  
  56  4:55  SCV  
  63  5:02  Marine  
  64  5:20  Liberator  
  64  5:22  Supply Depot, Terran Vehicle Weapons Level 1  
  64  5:26  Liberator  
  64  5:35  Marine  
  65  5:38  SCV  
  69  5:44  Siege Tank  
  69  5:47  Supply Depot  
  69  5:48  Command Center  
  75  6:19  SCV  
  70  6:52  SCV x2  
  72  6:58  Siege Tank  
  75  7:06  Orbital Command  
  75  7:07  Command Center  
  69  7:18  Medivac x2  
  73  7:22  Factory  
  73  7:24  Factory  
  73  7:26  Terran Vehicle And Ship Armor Level 1, Factory, Supply Depot  
  73  7:27  Starport  
  73  7:33  Siege Tank  
  73  7:34  SCV, Orbital Command  
  77  7:38  Supply Depot x2  
  72  8:15  Liberator  
  72  8:16  Liberator  
  64  8:33  Starport Tech Lab  
  70  8:37  Fusion Core  
  69  8:50  SCV x2  
  71  9:05  Factory Tech Lab  
  71  9:06  Factory Reactor x2  
  71  9:09  Banshee  
  74  9:16  Liberator  
  75  9:17  SCV x2  
  75  9:19  Refinery  
  77  9:24  SCV, Orbital Command  
  77  9:27  Terran Vehicle And Ship Armor Level 2  
  77  9:29  SCV x2, Refinery  
  77  9:31  Advanced Ballistics  
  79  9:38  SCV  
  83  9:44  Command Center  
  83  9:45  Barracks Reactor  
  83  9:46  Hellion  
  83  9:47  Hellion x4  
  83  9:48  Hellion  
  83  9:52  Factory  
  95  9:54  Infernal Pre-Igniter  
  95  10:03  Command Center  
  95  10:09  Liberator x3  
  95  10:13  Hellion x6  
  107  10:19  Engineering Bay  
  107  10:20  SCV x2  
  109  10:21  SCV x2  
  120  10:32  SCV  
  120  10:34  Hellion x2  
  125  10:42  Factory Reactor  
  125  10:52  Liberator x2  
  125  10:53  Hi-Sec Auto Tracking, Missile Turret x2  
  128  11:11  Liberator  
  128  11:23  Planetary Fortress, Missile Turret  
  128  11:24  Missile Turret  
  128  11:28  Command Center  
  128  11:30  Hellion x4  
  128  11:31  Hellion, Siege Tank  
  144  11:34  Orbital Command  
  144  11:36  Missile Turret  
  144  11:41  Missile Turret  
  144  11:42  Supply Depot  
  144  11:43  Missile Turret  
  144  11:44  Supply Depot  
  144  11:45  Terran Vehicle And Ship Armor Level 3  
  144  11:52  Siege Tank  
  147  11:57  Supply Depot x2  
  147  11:59  Supply Depot  
  147  12:10  Liberator  
  147  12:13  Liberator  
  147  12:23  Cloaking Field  
  147  12:34  Widow Mine x2  
  147  12:35  Drilling Claws, Widow Mine x3  
  132  13:22  Thor x2, Hellion x3  
  140  13:45  Hellion  
  140  13:46  Hellion  
  141  14:29  SCV x2  
Show
View Real Time Build Order
Export as new Build Order

Leyak Zerg 

Build Orders: Hatch First 

Get SALT Encoding   

  12  0:04  Drone  
  13  0:13  Overlord  
  13  0:26  Drone  
  14  0:39  Drone x3  
  17  0:57  Hatchery, Drone  
  17  1:13  Spawning Pool  
  17  1:14  Extractor  
  15  1:26  Drone x3  
  18  1:39  Drone  
  19  2:01  Hatchery  
  19  2:05  Queen  
  20  2:08  Drone  
  21  2:19  Metabolic Boost  
  21  2:20  Drone  
  22  2:30  Queen  
  24  2:38  Overlord  
  23  2:49  Drone x3  
  26  3:10  Drone x5  
  31  3:16  Queen  
  33  3:28  Lair  
  33  3:29  Drone x2  
  35  3:37  Roach Warren  
  34  3:41  Extractor  
  34  3:43  Drone, Extractor  
  33  3:49  Drone x2  
  33  3:50  Drone  
  36  3:58  Drone x2  
  36  3:59  Drone x2  
  40  4:03  Zergling x4  
  42  4:15  Overlord  
  42  4:19  Overlord  
  42  4:36  Drone x8  
  42  4:37  Drone x4  
  54  4:58  Drone x3  
  54  4:59  Drone  
  58  5:10  Spore Crawler  
  58  5:11  Spore Crawler, Overlord  
  58  5:12  Overlord x2, Spore Crawler  
  55  5:16  Spine Crawler  
  55  5:17  Overlord  
  52  5:33  Roach x7  
  66  5:46  Roach Warren, Zergling x2  
  66  5:47  Zergling x16  
  66  5:49  Overlord  
  60  6:32  Ravager x4  
  65  6:33  Roach x8  
  65  6:34  Roach  
  81  6:43  Ravager x2  
  75  6:54  Roach  
  75  6:59  Roach x2  
  82  7:04  Ravager x2  
  81  7:17  Overlord x2  
  81  7:23  Overseer  
  81  7:35  Queen  
  81  7:36  Overlord  
  83  7:37  Roach  
  83  7:38  Roach x6  
  83  7:40  Hatchery  
  96  7:45  Extractor  
  96  7:48  Extractor  
  94  7:54  Overlord x2  
  94  7:57  Roach x5  
  79  8:23  Roach  
  79  8:24  Roach x3  
  76  8:34  Roach x2  
  76  8:35  Roach x4  
  84  8:57  Queen  
  84  9:00  Overlord x2  
  84  9:01  Drone x10  
  94  9:18  Overlord x2  
  94  9:19  Drone x7  
  94  9:22  Ravager x5  
  106  9:33  Drone x5  
  106  9:34  Drone x3  
  114  9:43  Overlord  
  114  9:52  Spire  
  113  9:55  Overlord  
  113  9:56  Drone x8  
  121  10:04  Overseer x2  
  123  10:21  Roach x2  
  123  10:22  Roach x15  
  123  10:26  Overseer  
  123  10:28  Overseer  
  155  10:35  Extractor  
  154  10:44  Overlord x2  
  154  10:57  Overlord  
  154  11:06  Mutalisk x6  
  154  11:07  Mutalisk  
  168  11:19  Overlord x3  
  168  11:30  Overlord x3  
  168  11:34  Extractor  
  168  11:36  Overlord x2  
  168  11:37  Extractor  
  166  11:43  Mutalisk x2  
  166  11:44  Mutalisk x4  
  178  11:51  Overseer  
  178  11:52  Overseer  
  178  11:53  Overlord x2  
  178  12:03  Mutalisk x2  
  178  12:05  Drone x2, Overlord  
  178  12:06  Overlord x2  
  184  12:19  Mutalisk x2  
  184  12:20  Mutalisk  
  190  12:24  Overlord x2  
  190  12:34  Overlord  
  154  12:53  Overlord  
  142  13:02  Roach x6  
  142  13:03  Roach x15  
  180  13:07  Overlord  
  179  13:16  Roach x6  
  179  13:17  Drone x5  
  190  13:33  Drone x5  
  195  13:39  Drone x3  
  198  13:51  Queen  
Tags
 
Add a new tag
Caveats
  • Supply blocks, unpowered buildings, or Contaminate may cause inaccurate times.
  • Supply counts are checked every 10 seconds.